 Dungeon Sprint DCSS version 0.22.1-1-ga44c0e56f4 (webtiles) character file.

0 MuseOD the Sneak (level 1, -2/9 HPs)
             Began as a Spriggan Enchanter on Sept 23, 2018.
             Was an Initiate of Dithmenos.
             Slain by Terence
             ... wielding a +2 short sword of draining
              (4 damage)
             ... in the Dungeon (Sprint VI: "Thunderdome").
             The game lasted 00:00:58 (100 turns).

MuseOD the Sneak (Spriggan Enchanter)                Turns: 100, Time: 00:00:58

Health: -2/9       AC:  2    Str:  4    XL:     1   Next: 25%
Magic:  5/5        EV: 18    Int: 16    God:    Dithmenos [......]
Gold:   200        SH:  0    Dex: 16    Spells: 4/5 levels left

rFire    . . .     SeeInvis +   a - +1 dagger
rCold    . . .     Gourm    .   (shield restricted)
rNeg     . . .     Faith    .   b - +0 robe
rPois    .         Spirit   .   (helmet restricted)
rElec    .         Reflect  .   (no cloak)
rCorr    .         Harm     .   (gloves unavailable)
MR       .....     NoTele   +   (boots unavailable)
Stlth    +++.......             (no amulet)
HPRegen  0.03/turn              (no ring)
MPRegen  0.09/turn              (no ring)

@: hasted, drained, very quick
A: very small, unfitting armour, see invisible, herbivore, speed 3, slow
metabolism 2
a: Renounce Religion


You were in the Dungeon.
You worshipped Dithmenos.
Dithmenos was noncommittal.
You were not hungry.

You visited 1 branch You collected 200 gold pieces.

Inventory:

Hand Weapons
 a - a +1 dagger (weapon)
Armour
 b - a +0 robe (worn)
Wands
 c - a wand of acid (5)
 k - a wand of iceblast (5)
Scrolls
 j - 4 scrolls of blinking
 l - 3 scrolls of fog
Potions
 e - a potion of curing
 f - 3 potions of heal wounds
 g - 3 potions of haste
 h - 2 potions of magic
 i - a potion of berserk rage
 m - a potion of resistance
Comestibles
 d - a ration


   Skills:
 + Level 0.6(0.2) Fighting
 * Level 2.1(1.6) Short Blades
 - Level 3.0(2.5) Dodging
 + Level 4.8(4.3) Stealth
 - Level 2.6(2.1) Spellcasting
 - Level 3.6(3.1) Hexes


You had 4 spell levels left.
You knew the following spells:

 Your Spells              Type           Power        Failure   Level  Hunger
a - Corona                Hex            ##.....      6%          1    #......

Your spell library contained the following spells:

 Spells                   Type           Power        Failure   Level  Hunger
 Ensorcelled Hibernation  Hex/Ice        #.....       16%         2    ###....
 Confuse                  Hex            ##......     17%         3    ###....
 Tukima's Dance           Hex            ##......     17%         3    ###....
 Dazzling Spray           Conj/Hex       #.....       32%         3    ###....


Dungeon Overview and Level Annotations

Branches:
Dungeon (1/1)

Altars:
Cheibriados
Dithmenos
Fedhas
Gozag
Kikubaaqudgha
Makhleb
Okawaru
Qazlal
Ru
Sif Muna
Trog
Uskayaw
Vehumet
Wu Jian
Xom
Yredelemnul
Zin
The Shining One
Beogh
Jiyva
Lugonu

Shops:
D *[%??*?*:[((!!!!

Annotations:
D Terence


Innate Abilities, Weirdness & Mutations

You are very small and have problems with some larger weapons.
You are too small for most types of armour.
You have supernaturally acute eyesight. (SInv)
You are a herbivore.
You cover ground extremely quickly.
You need to consume almost no food.


Message History

Terence is lightly wounded.
You feel much better. Terence misses you.
You barely miss Terence.
Terence is lightly wounded.
You hit Terence.
Terence is moderately wounded.
Terence hits you with a short sword of draining.
Ouch! That really hurt!
You feel drained.
* * * LOW HITPOINT WARNING * * *
You barely miss Terence.
Terence is moderately wounded.
Terence closely misses you.
You barely miss Terence.
Terence is moderately wounded.
You hit Terence.
Terence is moderately wounded.
Terence looks scornfully at you.
Terence hits you with a short sword of draining.
You die...

#_......._# #_†.......#
###.........###
#⌠...........⌠#
######.8.........8.###
##∩___......###......__
##∩........8.# #.8......
.............###........
.......@..###...###.....
........@.# #.<.# #.....
..........###...###.....
.............###........
##∩........8.# #.8).....
##∩___......###......__
######.8.........8.###
#⌠...........⌠#
###.........###


You could see Terence.

Vanquished Creatures
  A hobgoblin (D)
  A bat (D)
2 creatures vanquished.

Notes
Turn   | Place    | Note
-------+----------+-------------------------------------------
     0 | D        | MuseOD the Spriggan Enchanter began the quest for the Orb.
     0 | D        | Reached XP level 1. HP: 9/9 MP: 5/5
     2 | D        | Found a glowing golden altar of the Shining One.
     3 | D        | Found a sacrificial altar of Ru.
     3 | D        | Found a burning altar of Makhleb.
     4 | D        | Found an iron altar of Okawaru.
     4 | D        | Found an ancient bone altar of Kikubaaqudgha.
     5 | D        | Found Muborac's Do-It-Yourself Clinic.
     5 | D        | Found a viscous altar of Jiyva.
     5 | D        | Found a deep blue altar of Sif Muna.
     5 | D        | Found Jalol's Distillery.
     6 | D        | Found Icsexuw's Bottled Wisdom.
     6 | D        | Found Jingozen's Distillery.
     9 | D        | Round 1.
    10 | D        | Found a bloodstained altar of Trog.
    11 | D        | Found a stormy altar of Qazlal.
    12 | D        | Found a blossoming altar of Fedhas.
    12 | D        | Found a shadowy altar of Dithmenos.
    12 | D        | Found a hide-covered altar of Uskayaw.
    12 | D        | Found Onocsim's Staff Store.
    12 | D        | Found Lyaghoeffo's Magic Scroll Shop.
    13 | D        | Found Nogeil's Must-Have Magic.
    13 | D        | Found Osseejet's Magic Scroll Shop.
    16 | D        | Found a basalt altar of Yredelemnul.
    17 | D        | Found a glowing silver altar of Zin.
    23 | D        | Found an opulent altar of Gozag.
    23 | D        | Found Ylaider's Delicious Food.
    25 | D        | Found a radiant altar of Vehumet.
    25 | D        | Found an ornate altar of the Wu Jian Council.
    25 | D        | Found a snail-covered altar of Cheibriados.
    25 | D        | Found Diepo's Identification Station.
    27 | D        | Noticed Terence
    33 | D        | Became a worshipper of Dithmenos the Shadowed
    63 | D        | Found a roughly hewn altar of Beogh.
    67 | D        | Found Wuseh's Weapon Rack.
    71 | D        | Found a shimmering altar of Xom.
    71 | D        | Found a corrupted altar of Lugonu.
    71 | D        | Found Wizxoliph's Premium Goods.
    71 | D        | Found Hicu's Basic Armour.
    71 | D        | Found Tiss's Miscellaneous Merchandise.
    79 | D        | Found Bemnaan's Advanced Armour.
    79 | D        | Found Sevvaezabb's Jewellery.
   100 | D        | Slain by Terence

Skill      XL: |  1 |
---------------+----+-----
Short Blades   | 2 |  2.1
Fighting       | |  0.6
Dodging        | |  3.0
Stealth        | |  4.8
Spellcasting   | |  2.6
Hexes          | |  3.6

Action                   || total
-------------------------++-------
Melee: Dagger            ||    22
 Cast: Corona            ||     1
  Use: Potion            ||     2
Armor: Robe              ||     3
Dodge: Dodged            ||    22
